 Dungeon Crawl Stone Soup version 0.30-a0-476-g330ca2eb8e (webtiles) character file.

Game seed: 5936289921807716253

235 HoaS the Shooter (level 6, 0/35 HPs)
             Began as a Tengu Hunter on Dec 21, 2022.
             Slain by a frilled lizard (2 damage)
             ... in a sewer.
             The game lasted 00:04:47 (2115 turns).

HoaS the Shooter (Tengu Hunter)                     Turns: 2115, Time: 00:04:47

Health: 0/35       AC:  5    Str: 12    XL:     6   Next: 6%
Magic:  7/7        EV: 14    Int:  9    God:
Gold:   121        SH:  0    Dex: 19    Spells: 5/5 levels left

rFire   . . .      SeeInvis .    a - +0 shortbow
rCold   + . .      Faith    .    (shield currently unavailable)
rNeg    . . .      Spirit   .    j - +1 leather armour {rC+}
rPois   .          Reflect  .    (helmet restricted)
rElec   .          Harm     .    c - +0 cloak
rCorr   .          Rampage  .    (no gloves)
Will    .....                    (boots unavailable)
Stlth   ++........               (no amulet)
HPRegen 0.25/turn                (no ring)
MPRegen 0.10/turn                (no ring)

@: lethally poisoned (0 -> -2), flying quickly and evasively, quick
A: beak, talons 3, nimble flight
a: no special abilities


You were in a sewer.
You visited 1 branch of the dungeon, and saw 3 of its levels.
You also visited: Sewer.

You collected 184 gold pieces.
You spent 63 gold pieces at shops.

Inventory:

Hand Weapons
 a - a +0 shortbow (weapon)
Armour
 c - a +0 cloak (worn)
 j - a +1 leather armour of cold resistance (worn)
Scrolls
 b - 2 scrolls of immolation
 d - 3 scrolls of enchant armour {unknown}
 m - a scroll of butterflies {unknown}
 n - a scroll of teleportation
 o - a scroll of magic mapping
Potions
 f - a potion of invisibility {unknown}
 g - a potion of curing
 h - a potion of mutation
 i - a potion of berserk rage
 k - a potion of might {unknown}
 l - a potion of attraction {unknown}


   Skills:
 - Level 2.0 Fighting
 + Level 7.8 Ranged Weapons
 - Level 2.1 Dodging
 - Level 1.0 Stealth


You had 5 spell levels left.
You didn't know any spells.
Your spell library contained the following spells:

 Spells                   Type           Power      Damage    Failure   Level
 Magic Dart               Conj           0%         1d3       45%         1
 Call Imp                 Summ           0%         N/A       61%         2
 Cigotuvi's Dreadful Rot  Necr/Pois/Air  0%         N/A       61%         2
 Gell's Gravitas          Tloc           0%         N/A       83%         3
 Mephitic Cloud           Conj/Pois/Air  0%         N/A       83%         3
 Teleport Other           Tloc           0%         N/A       83%         3
 Dispel Undead            Necr           0%         3d6       99%         4
 Death Channel            Necr           0%         N/A       100%        6
 Dispersal                Tloc           0%         N/A       100%        6


Dungeon Overview and Level Annotations

Branches:
Dungeon (3/15)              Sewer (1/1)

Altars:

Shops:
D:2 [


Innate Abilities, Weirdness & Mutations

You have a beak for a mouth.
You have claws for feet.
Your magical nature lets you fly swiftly and evasively.


Message History

The adder barely misses you. The bullfrog closely misses you. x2
The frilled lizard closely misses you.
You shoot an arrow. The arrow hits the bullfrog.
You kill the bullfrog!
The adder bites you. The bullfrog misses you. The adder bites you.
You are poisoned.
The adder poisons you! The adder bites you but does no damage.
The frilled lizard barely misses you.
You have reached level 6!
You feel better. The bullfrog barely misses you. The adder bites you.
You are poisoned.
The adder poisons you! The adder misses you. The bullfrog hits you.
The frilled lizard misses you.
You shoot an arrow. The arrow hits the bullfrog.
The bullfrog is moderately wounded.
You feel sick. The adder misses you. The adder bites you but does no damage.
The bullfrog closely misses you. The frilled lizard misses you.
The adder barely misses you. The adder bites you.
You are more poisoned.
The adder poisons you! The bullfrog misses you.
You shoot an arrow. The arrow hits the bullfrog.
The bullfrog is moderately wounded.
You feel sick. The adder barely misses you. The adder misses you.
The bullfrog completely misses you. The frilled lizard bites you.
You shoot an arrow. The arrow hits the bullfrog.
The bullfrog is heavily wounded.
You feel sick. The bullfrog hits you. The adder closely misses you. x2
The frilled lizard closely misses you. The bullfrog hits you.
The adder closely misses you. x2
You shoot an arrow. The arrow closely misses the bullfrog.
You feel sick. The bullfrog closely misses you. The adder bites you.
The adder barely misses you. The frilled lizard closely misses you.
The bullfrog barely misses you.
You shoot an arrow. The arrow hits the bullfrog.
The bullfrog is heavily wounded.
You feel sick. The adder closely misses you. The adder completely misses you.
The bullfrog hits you!
* * * LOW HITPOINT WARNING * * *
The frilled lizard bites you.
You die...

#.....#≈≈≈~~#≈#≈≈≈≈≈≈~#.###
#..†.####################
##...## #...##### #....'..#
#....#..# ##...####
#....##################
#......≈≈≈≈≈≈≈≈@S≈≈≈~~#
##....~≈≈≈≈~≈≈lFS≈J≈~≈..
#.....~~~~~~~≈≈~≈~~~≈~.
#....~~≈~~~~#≈≈≈~~~~~..
##....≈≈~≈≈≈~..~#~≈≈≈~.
###..≈~≈≈≈~≈≈≈~≈≈≈≈≈..
####################


You could see a bullfrog, 2 adders, an endoplasm and a frilled lizard.

Vanquished Creatures
  A bullfrog (Sewer)
  Jessica (D:2)
  6 adders
  3 river rats (Sewer)
  5 endoplasms
  4 giant cockroaches
  3 goblins
  4 hobgoblins
  7 jackals (D:2)
  7 ball pythons
  5 bats
  3 frilled lizards
  6 kobolds
  26 rats
81 creatures vanquished.

Notes
Turn   | Place    | Note
-------+----------+-------------------------------------------
     0 | D:1      | HoaS the Tengu Hunter began the quest for the Orb.
     0 | D:1      | Reached XP level 1. HP: 12/12 MP: 2/2
   177 | D:1      | Reached XP level 2. HP: 17/17 MP: 3/3
   211 | D:1      | You fall into a shaft and drop 1 floor!
   264 | D:2      | Reached skill level 5 in Ranged Weapons
  1003 | D:2      | Reached XP level 3. HP: 21/21 MP: 4/4
  1168 | D:2      | Noticed Jessica
  1171 | D:2      | Killed Jessica
  1172 | D:2      | Reached skill level 6 in Ranged Weapons
  1225 | D:2      | Reached XP level 4. HP: 23/26 MP: 5/5
  1304 | D:2      | Identified the +3 helmet of Zystulith {-Cast Str+2 Stlth+}
  1518 | D:2      | Found Heonwum's Armour Shop.
  1526 | D:2      | Bought a +0 cloak for 63 gold pieces
  1858 | D:3      | Found a glowing drain.
  1870 | Sewer    | Entered a sewer
  1957 | Sewer    | Gained mutation: Your magical nature lets you fly swiftly
                  | and evasively. [Tengu growth]
  1957 | Sewer    | Reached XP level 5. HP: 22/30 MP: 6/6
  1978 | Sewer    | Reached skill level 7 in Ranged Weapons
  2110 | Sewer    | Reached XP level 6. HP: 22/35 MP: 7/7
  2115 | Sewer    | Slain by a frilled lizard

Illustrated notes

Levels and vault maps discovered:
D:1:      erik_arrival_cave_to_civilisation [erik_arrival_cave_to_hall],
          layout_basic
D:2:      layout_basic, serial_shops, shop, uniq_jessica
D:3:      layout_loops_ring, lemuel_tele_altar, cheibrodos_sewer_entry_drain
Sewer:    sewer_minmay_w

Skill      XL: |  1  2  3  4  5 |
---------------+----------------+-----
Ranged Weapons | 5 6 7 |  7.8
Fighting       | |  2.0
Dodging        | |  2.1
Stealth        | |  1.0

Action                   |  1- 3 |  4- 6 || total
-------------------------+-------+-------++-------
 Fire: Shortbow          |    70 |   120 ||   190
  Use: Scroll            |     4 |     3 ||     7
       Potion            |       |     3 ||     3
Armor: Leather armour    |     8 |    24 ||    32
Dodge: Dodged            |    15 |    90 ||   105

Table legend: (Time is in decaauts)
 A = Elapsed time spent in this place.
 B = Non-inter-level travel time spent in this place.
 C = Inter-level travel time spent in this place.
 D = Time resting spent in this place.
 E = Time spent auto-exploring this place.
 F = Levels seen in this place.
 G = Mean time per level.
                   A        B        C        D        E       F      G
               +--------+--------+--------+--------+--------+-----+--------+
         Total |   2170 |   2069 |    101 |    207 |   1451 |   4 |  542.5 |
       Dungeon |   1902 |   1801 |    101 |    207 |   1325 |   3 |  634.0 |
         Sewer |    268 |    268 |      0 |      0 |    126 |   1 |  268.0 |
               +--------+--------+--------+--------+--------+-----+--------+

Top non-repeatable levels by time:
     D:1: 933 daAuts
     D:2: 805 daAuts
   Sewer: 268 daAuts
     D:3: 163 daAuts
